 Dungeon Crawl Stone Soup version 0.22.1-2-g9c5b331383 (webtiles) character file.

18412 destino the Fighter (level 12, 0/140 HPs)
             Began as an Ogre Berserker on Nov 29, 2018.
             Was a High Priest of Trog.
             Slain by a shadow (33 damage)
             ... on level 12 of the Dungeon.
             The game lasted 00:39:11 (12738 turns).

destino the Fighter (Ogre Berserker)               Turns: 12738, Time: 00:39:11

Health: 0/140      AC:  4    Str: 28    XL:     12   Next: 58%
Magic:  12/12      EV: 13    Int:  8    God:    Trog [*****.]
Gold:   773        SH: 13    Dex:  8    Spells: 11/11 levels left

rFire    . . .     SeeInvis .   V - +0 war axe (venom)
rCold    + . .     Gourm    .   x - +2 shield
rNeg     . . .     Faith    .   S - +0 robe {rC+}
rPois    +         Spirit   .   (helmet restricted)
rElec    .         Reflect  .   L - +0 cloak
rCorr    .         Harm     .   (gloves unavailable)
MR       +++..                  (boots unavailable)
Stlth    +.........             y - amulet of regeneration
HPRegen  1.73/turn              X - +3 ring of evasion
MPRegen  0.13/turn              M - ring of poison resistance

@: about to teleport, regenerating
A: large, unfitting armour, tough skin 1
a: Berserk, Trog's Hand, Brothers in Arms, Renounce Religion


You were on level 12 of the Dungeon.
You worshipped Trog.
Trog was extremely pleased with you.
You were hungry.

You visited 1 branch of the dungeon, and saw 12 of its levels.

You collected 773 gold pieces.

Inventory:

Hand Weapons
 o - a +0 battleaxe
 v - a +0 morningstar
 I - a +2 hand axe of freezing
 K - the +1 whip of Ciufe {freeze, rElec rN+}
   (You found it on level 6 of the Dungeon)

   It has been specially enchanted to freeze those struck by it, causing extra
   injury to most foes and up to half again as much damage against particularly
   susceptible opponents.
   It can also slow down cold-blooded creatures.
   It insulates you from electricity.
   It protects you from negative energy.
 Q - a +2 hand axe of venom
 V - a +0 war axe of venom (weapon)
Missiles
 E - 3 poisoned javelins
 O - 8 large rocks (quivered)
Armour
 x - a +2 shield (worn)
 L - a +0 cloak (worn)
 S - a +0 robe of cold resistance (worn)
Jewellery
 y - an amulet of regeneration (around neck)
 D - an uncursed ring of resist corrosion
 M - a ring of poison resistance (right hand)
 X - a +3 ring of evasion (left hand)
Wands
 a - a wand of acid (7)
 b - a wand of paralysis (13)
 g - a wand of polymorph (13)
 C - a wand of digging (29)
 F - a wand of flame (38)
 H - a wand of iceblast (15)
Scrolls
 d - 5 scrolls of remove curse
 f - 3 scrolls of teleportation
 i - 2 scrolls of fear {unknown}
 j - a scroll of magic mapping {unknown}
 l - a scroll of immolation {unknown}
 m - a scroll of noise {unknown}
 q - 2 scrolls of enchant weapon {unknown}
 s - a scroll of summoning {unknown}
 w - 2 scrolls of fog {unknown}
 z - 2 scrolls of enchant armour {unknown}
 T - a scroll of brand weapon
 U - a scroll of vulnerability {unknown}
 W - 2 scrolls of random uselessness {unknown}
 Y - 2 scrolls of identify
Potions
 h - 6 potions of brilliance
 k - 6 potions of might
 n - 3 potions of haste
 p - 2 potions of flight
 r - 4 potions of curing
 t - 2 potions of mutation
 u - 3 potions of berserk rage
 A - 4 potions of lignification
 B - 2 potions of agility
 G - a potion of ambrosia
 N - a potion of resistance
 P - 2 potions of magic
 R - 2 potions of cancellation
Comestibles
 c - 18 rations
 J - 4 chunks of flesh


   Skills:
 + Level 14.3 Fighting
 * Level 12.9 Axes
 + Level 5.1 Throwing
 - Level 2.6 Dodging
 - Level 9.2 Shields


You had 11 spell levels left.
You didn't know any spells.
Your spell library was empty.

Dungeon Overview and Level Annotations

Branches:
Dungeon (12/15)            Temple (0/1) D:5            Lair (0/6) D:8
    Orc (0/2) D:9

Altars:
Cheibriados
Makhleb
Okawaru
Wu Jian
Yredelemnul
Zin
Lugonu

Shops:
D:8 =

Annotations:
D:10 3 runed doors, Knicklaso's ghost, novice DsWz


Innate Abilities, Weirdness & Mutations

You are too large for most types of armour.
You have tough skin. (AC +1)


Message History

The shadow slips into darkness.
The shadow flickers and vanishes!
Deactivating autopickup; reactivate with Ctrl-A.
The kobold throws a stone.
You block the stone.
You see here a stone.
You block the kobold's attack.
The kobold throws a stone.
You block the stone.
You see here a stone.
The shadow strikes at you from the darkness!
* * * LOW HITPOINT WARNING * * *
Reactivating autopickup.
Okay, then.
You feel much better.
The shadow slips into darkness.
The shadow flickers and vanishes!
Deactivating autopickup; reactivate with Ctrl-A.
As you read the scroll of teleportation, it crumbles to dust.
You feel strangely unstable.
The kobold throws a stone.
You block the stone.
The shadow strikes at you from the darkness!
You die...

##.###.#.###.###.###.>.)().#
.... ............#...##..#
.### #.##.###.###)#.####..#
. ...........#)..####..#####
#.#.###.###.#.#.............
. .......#.K.#.##.#########
##. #.###.#.#.#.##.#
.......#...#K..##.#
#.###.#.#@#.#(##.#
....#...#.{.#.{#.####
#.#.#.#.#.#.......#
#...#...#......##.#
#.#...#...#.##.##.#
#...#...#......##.#
#.#####.#.#.#.#.#.##.##.#
#.......#...#...#..#.##.#
###.#)###.#.#.#.#.......#


You could see a kobold.

Vanquished Creatures
  Harold (D:9)
  2 two-headed ogres
  Sonja (D:10)
  An ugly thing (D:12)
  2 deep elf magi (D:12)
  2 cyclopes
  A manticore (D:11)
  Psyche (D:9)
  Joseph (D:8)
  Maurice (D:8)
  A gargoyle (D:11)
  3 kobold demonologists (D:10)
  A komodo dragon (D:8)
  2 trolls (D:10)
  4 hippogriffs
  A shadow (D:11)
  A vampire (D:11)
  3 hungry ghosts
  3 wraiths
  4 hogs (D:7)
  A human (D:7)
  A steam dragon (D:9)
  5 vampire mosquitoes (D:12)
  A water moccasin (D:9)
  3 orc warriors
  5 sky beasts
  8 ice beasts
  2 black bears
  3 necrophages
  4 ogres
  7 phantoms
  A boggart (D:12)
  6 centaurs
  4 big kobolds
  8 bullfrogs
  A wyvern zombie (D:9)
  6 scorpions
  7 killer bees (D:7)
  4 wights (D:9)
  8 howler monkeys
  9 crimson imps
  4 quasits
  A centaur zombie (D:9)
  11 hounds
  5 bullfrog skeletons
  5 jellies
  6 orc priests
  6 orc wizards
  2 centaur skeletons
  9 iguanas
  7 worker ants
  A killer bee zombie (D:8)
  A worker ant zombie (D:8)
  16 adders
  4 gnolls
  5 shadow imps
  2 oozes (D:3)
  2 adder skeletons
  An adder zombie (D:8)
  2 worms (D:3)
  A dart slug (D:3)
  7 leopard geckos
  29 orcs
  A ball python (D:4)
  3 giant cockroaches
  11 goblins
  10 hobgoblins
  2 jackals (D:2)
  25 kobolds
  7 quokkas
  3 bats (D:1)
  9 frilled lizards
  A leopard gecko skeleton (D:9)
  A quokka zombie (D:7)
  2 rats
  A plant (D:8)
333 creatures vanquished.

Vanquished Creatures (others)
  2 plants (D:8)
2 creatures vanquished.

Grand Total: 335 creatures vanquished

Notes
Turn   | Place    | Note
-------+----------+-------------------------------------------
     0 | D:1      | destino the Ogre Berserker began the quest for the Orb.
     0 | D:1      | Reached XP level 1. HP: 24/24 MP: 1/1
   109 | D:1      | Reached XP level 2. HP: 19/33 MP: 2/2
   398 | D:1      | Reached XP level 3. HP: 27/40 MP: 3/3
  1310 | D:2      | Reached skill level 5 in Fighting
  1347 | D:2      | Found a faded altar of an unknown god.
  1551 | D:2      | Reached ** piety under Trog
  1551 | D:2      | Reached XP level 4. HP: 25/50 MP: 4/4
  2485 | D:3      | Reached XP level 5. HP: 32/59 MP: 5/5
  2865 | D:3      | Reached skill level 6 in Fighting
  2927 | D:3      | Reached skill level 5 in Axes
  3176 | D:3      | Reached XP level 6. HP: 68/68 MP: 6/6
  3765 | D:4      | Reached skill level 7 in Fighting
  3772 | D:4      | Reached *** piety under Trog
  4172 | D:4      | Noticed an ice beast
  4175 | D:4      | Killed an ice beast
  4175 | D:4      | Reached skill level 1 in Shields
  4175 | D:4      | Reached XP level 7. HP: 78/78 MP: 7/7
  4756 | D:5      | Entered Level 5 of the Dungeon
  4832 | D:5      | Reached skill level 8 in Fighting
  4920 | D:5      | Reached XP level 8. HP: 53/88 MP: 8/8
  4979 | D:5      | Found an ornate altar of the Wu Jian Council.
  5118 | D:5      | Found a staircase to the Ecumenical Temple.
  5631 | D:6      | Reached skill level 9 in Fighting
  5841 | D:6      | Reached skill level 5 in Shields
  5909 | D:6      | Got a dazzling whip
  5910 | D:6      | Identified the +1 whip of Ciufe {freeze, rElec rN+} (You
                  | found it on level 6 of the Dungeon)
  6053 | D:6      | Reached XP level 9. HP: 88/98 MP: 9/9
  6646 | D:7      | Found a burning altar of Makhleb.
  6646 | D:7      | Found a snail-covered altar of Cheibriados.
  6657 | D:7      | Reached skill level 10 in Fighting
  6659 | D:7      | Found an iron altar of Okawaru.
  6812 | D:7      | Reached **** piety under Trog
  6862 | D:7      | Found a snail-covered altar of Cheibriados.
  7066 | D:7      | Reached XP level 10. HP: 92/111 MP: 10/10
  7403 | D:8      | Noticed Maurice
  7421 | D:8      | Killed Maurice
  7421 | D:8      | Reached skill level 11 in Fighting
  7468 | D:8      | Found a staircase to the Lair.
  7686 | D:8      | Noticed a two-headed ogre
  7696 | D:8      | Killed a two-headed ogre
  7707 | D:8      | Found Zimolut's Jewellery Shop.
  8089 | D:8      | Noticed Joseph
  8110 | D:8      | Killed Joseph
  8110 | D:8      | Reached skill level 12 in Fighting
  8250 | D:8      | Found a glowing silver altar of Zin.
  8469 | D:9      | Reached XP level 11. HP: 92/123 MP: 11/11
  8893 | D:9      | Reached skill level 10 in Axes
  9087 | D:9      | Found a staircase to the Orcish Mines.
  9446 | D:9      | Noticed Psyche
  9453 | D:9      | Killed Psyche
  9490 | D:9      | Noticed Harold
  9490 | D:9      | Noticed a cyclops
  9539 | D:9      | Killed Harold
  9592 | D:9      | Killed a cyclops
  9592 | D:9      | Reached skill level 13 in Fighting
 10000 | D:9      | Reached skill level 1 in Throwing
 10017 | D:10     | Entered Level 10 of the Dungeon
 10056 | D:10     | Noticed Sonja
 10068 | D:10     | Killed Sonja
 10183 | D:10     | Found a corrupted altar of Lugonu.
 10201 | D:10     | Reached ***** piety under Trog
 10314 | D:10     | Noticed a soul eater
 10641 | D:10     | Noticed a cyclops
 10652 | D:10     | Killed a cyclops
 10902 | D:10     | Found a runed gate.
 10902 | D:10     | Found a runed gate.
 10902 | D:10     | Found a runed gate.
 10904 | D:10     | Noticed Knicklaso's ghost (novice DsWz)
 11278 | D:11     | Reached XP level 12. HP: 135/135 MP: 12/12
 11812 | D:11     | Found a basalt altar of Yredelemnul.
 12176 | D:11     | Received a gift from Trog
 12409 | D:12     | Noticed a two-headed ogre
 12415 | D:12     | Killed a two-headed ogre
 12415 | D:12     | Reached skill level 14 in Fighting
 12610 | D:12     | Reached skill level 5 in Throwing
 12738 | D:12     | Slain by a shadow

Skill      XL: |  1  2  3  4  5  6  7  8  9 10 11 12 |
---------------+-------------------------------------+-----
Axes           | 4 5 6 7 8 9 11 12 | 12.9
Fighting       | 5 6 7 8 9 10 12 13 14 | 14.3
Shields        | 1 3 5 7 9 |  9.2
Throwing       | 3 5 |  5.1
Dodging        | |  2.6

Action                   |  1- 3 |  4- 6 |  7- 9 | 10-12 || total
-------------------------+-------+-------+-------+-------++-------
Melee: Hand axe          |   122 |    85 |   151 |   719 ||  1077
       Short sword       |       |    82 |   190 |       ||   272
       Whip              |       |       |    43 |       ||    43
       War axe           |       |       |       |   127 ||   127
Throw: Large rock        |       |       |       |     1 ||     1
Invok: Berserk           |       |     4 |     6 |    17 ||    27
       Trog's Hand       |       |     3 |     2 |    12 ||    17
  Use: Scroll            |       |       |    15 |     6 ||    21
       Potion            |       |       |       |     1 ||     1
 Stab: Sleeping          |       |       |       |     1 ||     1
  Eat: Chunk             |     2 |    12 |    16 |    35 ||    65
       Ration            |       |       |       |     3 ||     3
Armor: Animal skin       |    46 |     7 |       |       ||    53
       Robe              |       |    27 |    48 |    83 ||   158
Dodge: Dodged            |    66 |    90 |   149 |   226 ||   531
Block: Shield            |       |       |   110 |   425 ||   535
